 Dungeon Crawl Stone Soup version 0.28.0 (webtiles) character file.

Game seed: 15308276671529083130

93 AmazingTV the Sneak (level 4, -7/22 HPs)
             Began as a Spriggan Brigand on June 28, 2022.
             Killed by nerve-wracking pain
             ... invoked by Grinder
              (8 damage)
             ... on level 3 of the Dungeon.
             The game lasted 00:07:56 (3255 turns).

AmazingTV the Sneak (Spriggan Brigand)              Turns: 3255, Time: 00:07:56

Health: -7/22      AC:  3    Str:  7    XL:     4   Next: 36%
Magic:  5/5        EV: 16    Int: 12    God:
Gold:   62         SH:  0    Dex: 18    Spells: 3/3 levels left

rFire   . . .      SeeInvis +   a - +2 dagger
rCold   . . .      Faith    .   (no shield)
rNeg    . . .      Spirit   .   p - +0 robe
rPois   .          Reflect  .   (helmet restricted)
rElec   .          Harm     .   c - +0 cloak
rCorr   .          Rampage  .   (gloves unavailable)
Will    .....                   (boots unavailable)
Stlth   +++.......              (no amulet)
HPRegen 0.07/turn               (no ring)
MPRegen 0.09/turn               (no ring)

@: very quick
A: very small, no large weapons, unfitting armour, see invisible, speed 3
a: no special abilities


You were on level 3 of the Dungeon.
You visited 1 branch of the dungeon, and saw 3 of its levels.

You collected 62 gold pieces.

Inventory:

Hand Weapons
 a - a +2 dagger (weapon)
 b - a +0 hunting sling
 q - a +0 short sword of speed
Missiles
 d - 4 poisoned darts (quivered)
 e - 2 curare-tipped darts
 j - 38 sling bullets
 k - 124 stones
Armour
 c - a +0 cloak (worn)
 p - a +0 robe (worn)
Scrolls
 g - a scroll of immolation {unknown}
 h - 2 scrolls of enchant armour {unknown}
 i - 2 scrolls of enchant weapon {unknown}
 l - a scroll of amnesia {unknown}
 o - a scroll of identify {unknown}
Potions
 f - a potion of heal wounds {unknown}
 m - 4 potions of curing {unknown}
 n - 2 potions of might {unknown}
 r - a potion of flight {unknown}
 s - a potion of berserk rage {unknown}


   Skills:
 - Level 1.5 Fighting
 + Level 3.4 Short Blades
 + Level 2.7(3.7) Slings
 + Level 3.1(3.4) Throwing
 - Level 1.3 Dodging
 - Level 5.8 Stealth


You had 3 spell levels left.
You didn't know any spells.
Your spell library contained the following spells:

 Spells                   Type           Power      Damage    Failure   Level
 Freeze                   Ice            0%         1d3       32%         1
 Frozen Ramparts          Ice            0%         1d2       69%         3
 Cause Fear               Hex            0%         N/A       97%         4
 Hailstorm                Conj/Ice       0%         3d3       97%         4
 Dragon Form              Tmut           0%         N/A       100%        7
 Dragon's Call            Summ           0%         N/A       100%        9


Dungeon Overview and Level Annotations

Branches:
Dungeon (3/15)

Altars:
Ru
Sif Muna
Xom

Annotations:
D:3 Grinder, Ijyb


Innate Abilities, Weirdness & Mutations

You are very small and have problems with some larger weapons.
You are too small for most types of armour.
You have supernaturally acute eyesight. (SInv)
You cover ground extremely quickly. (Speed+++)


Message History

You throw a poisoned dart. The poisoned dart hits Grinder.
You closely miss Grinder.
Grinder is moderately wounded.
Grinder blinks!
You throw a poisoned dart. The poisoned dart hits Grinder.
Grinder looks as sick as possible!
Grinder is moderately wounded.
You throw a poisoned dart.
The poisoned dart barely misses Grinder.
Grinder blinks!
You hit Grinder.
Grinder is heavily wounded.
You hit Grinder.
Grinder is heavily wounded.
Grinder gestures at you. Pain shoots through your body!
Ouch! That really hurt!
* * * LOW HITPOINT WARNING * * *
You are too injured to fight recklessly!
Throw: 6 darts (poison)
Press: ? - help, Q - select action, (/) - cycle Shift-Dir - straight line, f/p - Grinder
Aim: Grinder (severely wounded, very poisoned, 58% to hit)
You throw a poisoned dart. The poisoned dart hits Grinder.
Grinder looks as sick as possible!
Grinder is severely wounded.
Throw: 5 darts (poison)
Press: ? - help, Q - select action, (/) - cycle Shift-Dir - straight line, f/p - Grinder
Aim: Grinder (severely wounded, extremely poisoned, 58% to hit)
You throw a poisoned dart. The poisoned dart hits Grinder!
Grinder looks as sick as possible!
Grinder is severely wounded.
Grinder hits you but does no damage.
You hit Grinder but do no damage.
Grinder is severely wounded.
Grinder completely misses you.
You hit Grinder.
Grinder is almost dead.
Grinder gestures at you. Pain shoots through your body!
You die...

........(# #.............
......)...# #########.....
#(...(.## ###...... ##.(....##
#.....###
..#....#..###########.._..###
......$.'......[........8.....
.........##.(.########..._..###
###......##.#5.# ###.....###
##..#####.##@## #.........# #..
#.###.# #.(.......# ##.##
#.#########.........#
#..####'#.................#
#..#......................#
#..#....†.................#
#..#.......######.........#
.....#...###.#### #.........#
.....#.#.###.# #.........#


You could see Grinder (extremely poisoned).

Vanquished Creatures
  3 adders
  3 dart slugs (D:1)
  2 orcs (D:3)
  3 ball pythons
  2 bats (D:1)
  4 endoplasms (D:1)
  4 giant cockroaches
  8 goblins
  5 hobgoblins
  4 jackals (D:1)
  2 quokkas
  4 frilled lizards
  5 kobolds
  5 rats
54 creatures vanquished.

Notes
Turn   | Place    | Note
-------+----------+-------------------------------------------
     0 | D:1      | AmazingTV the Spriggan Brigand began the quest for the Orb.
     0 | D:1      | Reached XP level 1. HP: 10/10 MP: 2/2
   459 | D:1      | Reached skill level 1 in Slings
   459 | D:1      | Reached XP level 2. HP: 14/14 MP: 3/3
  1256 | D:1      | Reached XP level 3. HP: 18/18 MP: 4/4
  1817 | D:2      | Found a faded altar of an unknown god.
  2367 | D:3      | Reached XP level 4. HP: 22/22 MP: 5/5
  2696 | D:3      | Found a shimmering blue altar of Sif Muna.
  2696 | D:3      | Found a shimmering altar of Xom.
  2729 | D:3      | Found a sacrificial altar of Ru.
  2810 | D:3      | Noticed Ijyb
  3218 | D:3      | Noticed Grinder
  3244 | D:3      | HP: 1/22 [Grinder/nerve-wracking pain (14)]
  3255 | D:3      | Killed from afar by Grinder

Illustrated notes

Levels and vault maps discovered:
D:1:      lemuel_arrival_rhombus, layout_loops_ring, st_stairs_7,
          minmay_three_crescents
D:2:      layout_basic, ebering_ecumenical_altar_rust, serial_aquarium,
          aquarium_bridge_square [aquarium_subvault_bridge,
          aquarium_subvault_window, aquarium_subvault_bridge,
          aquarium_subvault_wall], aquarium_window_fake,
          aquarium_window_corridor_1, aquarium_window_1, aquarium_view_2b
D:3:      layout_basic, old_standard_altar,
          chequers_temple_overflow_statue_of_worship, uniq_ijyb, uniq_grinder

Skill      XL: |  1  2  3 |
---------------+----------+-----
Slings         | 1 2 |  2.7
Short Blades   | 3 |  3.4
Throwing       | 3 |  3.1
Fighting       | |  1.5
Dodging        | |  1.3
Stealth        | |  5.8

Action                   |  1- 3 |  4- 6 || total
-------------------------+-------+-------++-------
Melee: Dagger            |   127 |    58 ||   185
       Punch             |     2 |       ||     2
Throw: Dart              |     5 |    15 ||    20
 Stab: Sleeping          |    17 |     3 ||    20
Armor: Robe              |    20 |     5 ||    25
Dodge: Dodged            |   106 |    33 ||   139
